Sewer Rats vs Monarchs
Created - April 16, 2020 at 19:24
Goals
|
| Sewer Rats |
0 |
1 |
2 |
3 |
| Monarchs |
2 |
0 |
2 |
4 |
|
Shots
|
| Sewer Rats |
9 |
6 |
20 |
35 |
| Monarchs |
6 |
13 |
8 |
27 |
|
1st period
1. Monarchs , Anthony Mantha 22 (Jeff Petry 14, Nathan MacKinnon 32) at 9:28
2. Monarchs , Tim Schaller 43 (Chris Campoli 4, Sam Reinhart 28) at 17:31
Penalties :
Vincent Trocheck (Tol) for Roughing (Minor) at 11:04
2nd period
3. Sewer Rats , Vincent Trocheck 32 (Jarred Tinordi 32, Tomas Tatar 43) at 10:13
Penalties :
Jarred Tinordi (Tol) for Hooking (Minor) at 2:02, Nathan MacKinnon (MAN) for Unsportsmanlike conduct (Minor) at 5:41, Jarred Tinordi (Tol) for Hooking (Minor) at 11:31, Vincent Trocheck (Tol) for Slashing (Minor) at 14:47
3rd period
4. Sewer Rats , Daniel Carr 29 (Stefan Elliott 40, Erik Condra 39) at 6:07
5. Monarchs , Oliver Bjorkstrand 10 (Griffin Reinhart 39, Tim Schaller 51) at 12:30
6. Monarchs , Jeff Petry 3 (Craig Smith 34) at 16:49
7. Sewer Rats , Nick Cousins 28 (Dmitrij Jaskin 16, John Ramage 15) at 19:35
Penalties :
Anthony Mantha (MAN) for Delaying the game (Minor) at 0:12, Mike Reilly (MAN) for Holding (Minor) at 2:52, Tomas Tatar (Tol) for Interference (Minor) at 9:04, Anthony Mantha (MAN) for Holding (Minor) at 10:14
Goalie Stats
Marek Mazanek (Tol), 23 saves from 27 shots - (0.852), L, 35-17-5, 59:39 minutes
Andrew Hammond (MAN), 32 saves from 35 shots - (0.914), W, 5-6-0, 60:00 minutes
Players Stats for Sewer Rats
Player Name G A P +/- PIM S H SB GA TA FO MP PP MP PK MP
------------------------------------------------------------------------------------
Anthony Duclair 0 0 0 -1 0 1 1 0 0 0 1/1 15:08 0:02 2:44
Connor Carrick 0 0 0 0 0 0 0 1 0 0 0/0 4:38 0:00 0:00
Daniel Carr 1 0 1 -1 0 2 0 0 1 0 0/0 17:11 2:11 1:57
Dmitrij Jaskin 0 1 1 -1 0 6 1 0 0 0 0/1 13:13 0:00 0:00
Erik Condra 0 1 1 -1 0 3 0 1 0 0 0/0 17:29 2:11 2:37
Jared McCann 0 0 0 0 0 0 0 0 0 0 1/3 5:07 0:00 0:00
Jarred Tinordi 0 1 1 -1 4 1 2 2 0 0 0/0 24:14 4:34 3:10
Joel Edmundson 0 0 0 -1 0 1 1 2 0 1 0/0 19:19 2:33 3:34
John Ramage 0 1 1 1 0 0 0 1 0 0 0/0 11:09 0:00 1:55
Jonathan Marchessault 0 0 0 -1 0 3 2 0 0 0 6/10 14:48 2:11 0:00
Jonathan Racine 0 0 0 0 0 0 0 0 0 0 0/0 0:00 0:00 0:00
Joseph Blandisi 0 0 0 0 0 0 0 0 0 0 0/0 5:07 0:00 0:00
Mark Mancari 0 0 0 1 0 2 3 0 1 1 4/6 25:52 4:54 4:44
Nick Cousins 1 0 1 -1 0 2 1 1 0 0 5/7 13:21 0:02 0:46
Ryan Murphy 0 0 0 1 0 0 0 0 0 1 0/0 10:14 0:00 0:27
Stefan Elliott 0 1 1 -1 0 1 2 1 0 1 0/0 19:19 2:33 3:34
Steven Kampfer 0 0 0 -1 0 3 2 2 0 0 0/0 26:49 4:34 5:32
Tomas Tatar 0 1 1 1 2 7 2 0 0 2 1/2 22:03 4:56 3:53
Vincent Trocheck 1 0 1 1 4 3 3 0 0 0 21/32 20:21 4:54 1:31
Xavier Ouellet 0 0 0 0 0 0 0 0 0 0 0/0 4:38 0:00 0:00
Players Stats for Monarchs
Player Name G A P +/- PIM S H SB GA TA FO MP PP MP PK MP
------------------------------------------------------------------------------------
Aaron Ekblad 0 0 0 0 0 0 1 1 2 0 0/0 24:40 5:50 2:37
Anthony Mantha 1 0 1 1 4 2 1 0 0 1 1/1 17:36 5:24 0:47
Brendan Lemieux 0 0 0 0 0 0 2 0 0 0 0/0 14:25 3:18 0:00
Chris Campoli 0 1 1 0 0 0 1 3 0 0 0/0 18:16 0:22 4:30
Craig Smith 0 1 1 -1 0 0 0 0 0 0 0/1 13:43 0:23 0:58
Curtis Lazar 0 0 0 -1 0 4 2 0 0 0 7/17 13:44 0:00 3:05
Griffin Reinhart 0 1 1 0 0 2 1 4 0 0 0/0 19:46 3:16 2:37
Jacob De La Rose 0 0 0 0 0 0 2 0 0 0 0/0 7:37 0:00 0:58
Jeff Petry 1 1 2 1 0 4 0 2 0 0 0/0 17:45 0:00 4:12
JT Compher 0 0 0 1 0 0 2 0 1 0 0/0 16:45 5:33 0:00
Max Friberg 0 0 0 0 0 1 1 1 1 0 0/0 11:12 0:12 4:45
Max Reinhart 0 0 0 0 0 1 0 1 0 1 3/10 9:56 1:39 1:32
Mike Reilly 0 0 0 1 2 2 0 1 0 0 0/0 12:39 0:00 0:00
Morgan Rielly 0 0 0 0 0 0 0 0 0 0 0/0 19:50 5:50 0:18
Nathan MacKinnon 0 1 1 1 2 4 1 0 0 0 7/20 18:07 5:25 0:48
Oliver Bjorkstrand 1 0 1 1 0 1 1 0 1 0 0/0 16:16 3:18 0:00
Sam Reinhart 0 1 1 0 0 4 2 1 0 0 4/11 18:11 3:18 0:00
Tim Schaller 1 1 2 1 0 2 1 0 1 0 1/2 16:05 0:26 1:21
Tony DeAngelo 0 0 0 0 0 0 0 0 0 0 0/0 5:27 1:15 0:00
3 Stars
1 - Tim Schaller (MAN)
2 - Jeff Petry (MAN)
3 - Oliver Bjorkstrand (MAN)
Power Play
Sewer Rats - 0 on 4 Attempt(s) - 0.00%
Monarchs - 0 on 5 Attempt(s) - 0.00%
Penalty Kill
Sewer Rats - 5 on 5 Attempt(s) - 100.00%
- Score 0 goal in Penalty Kill
Monarchs - 4 on 4 Attempt(s) - 100.00%
- Score 0 goal in Penalty Kill
Team Stat
Sewer Rats - Hits : 20 - Faceoff Wins : 39 - Blocked Shots : 11 - Penalty Minutes : 10
Monarchs - Hits : 18 - Faceoff Wins : 23 - Blocked Shots : 14 - Penalty Minutes : 8
Official
Referees : Unknown
Linesman : Unknown
Game Notes
Max Reinhart is injured at 11:24 of 2nd period (Left Knee)
Finance
Level 1 -- Attendance: 1855 (92.75%) -- Ticket Income $46,375
Level 2 -- Attendance: 1000 (100.00%) -- Ticket Income $10,000
Total Attendance: 2855 (95.17%)
Total Ticket Income: $56,375
Other Income: $2,819
Total Income: $59,194
Sewer Rats
5 vs 5 Forward
Center Left Wing Right Wing Time % Phy DF OF
1 Vincent Trocheck Tomas Tatar Mark Mancari 40 1 2 2
2 Jonathan Marchessault Daniel Carr Erik Condra 30 1 2 2
3 Nick Cousins Anthony Duclair Dmitrij Jaskin 20 1 2 2
4 Jared McCann Joseph Blandisi Mark Mancari 10 1 2 2
5 vs 5 Defense
Defense Defense Time % Phy DF OF
1 Jarred Tinordi Steven Kampfer 40 1 2 2
2 Stefan Elliott Joel Edmundson 30 1 2 2
3 John Ramage Ryan Murphy 20 1 2 2
4 Connor Carrick Xavier Ouellet 10 1 2 2
PowerPlay Forward
Center Left Wing Right Wing Time % Phy DF OF
1 Vincent Trocheck Tomas Tatar Mark Mancari 60 1 2 2
2 Jonathan Marchessault Daniel Carr Erik Condra 40 1 2 2
PowerPlay Defense
Defense Defense Time % Phy DF OF
1 Jarred Tinordi Steven Kampfer 60 1 2 2
2 Stefan Elliott Joel Edmundson 40 1 2 2
Penalty Kill 4 Players Forward
Center Wing Time % Phy DF OF
1 Mark Mancari Tomas Tatar 60 1 2 2
2 Vincent Trocheck Erik Condra 40 1 2 2
Penalty Kill 4 Players Defense
Defense Defense Time % Phy DF OF
1 Jarred Tinordi Steven Kampfer 60 1 2 2
2 Stefan Elliott Joel Edmundson 40 1 2 2
Penalty Kill - 3 Players Forward
Forward Time % Phy DF OF
1 Mark Mancari 60 1 2 2
2 Tomas Tatar 40 1 2 2
Penalty Kill - 3 Players Defense
Defense Defense Time % Phy DF OF
1 Jarred Tinordi Steven Kampfer 60 1 2 2
2 Stefan Elliott Joel Edmundson 40 1 2 2
4 vs 4 Forward
Center Wing Time % Phy DF OF
1 Mark Mancari Tomas Tatar 60 1 2 2
2 Vincent Trocheck Erik Condra 40 1 2 2
4 vs 4 Defense
Defense Defense Time % Phy DF OF
1 Jarred Tinordi Steven Kampfer 60 1 2 2
2 Stefan Elliott Joel Edmundson 40 1 2 2
Last Minutes Offensive
Center Left Wing Right Wing Defense Defense
Vincent Trocheck Tomas Tatar Mark Mancari Jarred Tinordi Steven Kampfer
Last Minutes Defensive
Center Left Wing Right Wing Defense Defense
Vincent Trocheck Tomas Tatar Mark Mancari Jarred Tinordi Steven Kampfer
Goaltenders
Starting : Marek Mazanek
Backup : Darcy Kuemper
Extra Forwards
Normal : Dmitrij Jaskin, Nick Cousins, Anthony Duclair - PP : Dmitrij Jaskin, Nick Cousins - PK : Anthony Duclair
Extra Defensemen
Normal : Jonathan Racine, John Ramage, Ryan Murphy - PP : Jonathan Racine - PK : John Ramage, Ryan Murphy
Penalty Shots
Mark Mancari, Tomas Tatar, Vincent Trocheck, Erik Condra, Jonathan Marchessault
Scratches
Dominik Kubalik (Healthy), Josh Archibald (Healthy), Tyler Motte (Healthy), Chris Calhan (Healthy), Mark Friedman (Healthy)
Michael Dal Colle (Healthy), Matteson Iacopelli (Healthy), Luke Witkowski (Bruised Left Shoulder Injury), Sergei Kostenko (Healthy), Antoine Bibeau (Healthy)
Monarchs
5 vs 5 Forward
Center Left Wing Right Wing Time % Phy DF OF
1 Max Reinhart Brendan Lemieux Craig Smith 30 1 2 2
2 Nathan MacKinnon JT Compher Anthony Mantha 30 1 2 2
3 Sam Reinhart Tim Schaller Oliver Bjorkstrand 30 1 2 2
4 Curtis Lazar Jacob De La Rose Max Friberg 10 1 2 2
5 vs 5 Defense
Defense Defense Time % Phy DF OF
1 Aaron Ekblad Chris Campoli 30 1 2 2
2 Morgan Rielly Jeff Petry 30 1 2 2
3 Mike Reilly Griffin Reinhart 30 1 2 2
4 Aaron Ekblad Tony DeAngelo 10 1 2 2
PowerPlay Forward
Center Left Wing Right Wing Time % Phy DF OF
1 Nathan MacKinnon JT Compher Anthony Mantha 60 1 2 2
2 Sam Reinhart Brendan Lemieux Oliver Bjorkstrand 40 1 2 2
PowerPlay Defense
Defense Defense Time % Phy DF OF
1 Aaron Ekblad Morgan Rielly 60 1 2 2
2 Griffin Reinhart Max Reinhart 40 1 2 2
Penalty Kill 4 Players Forward
Center Wing Time % Phy DF OF
1 Max Reinhart Max Friberg 60 0 4 1
2 Craig Smith Jacob De La Rose 40 0 4 1
Penalty Kill 4 Players Defense
Defense Defense Time % Phy DF OF
1 Chris Campoli Jeff Petry 60 1 4 0
2 Griffin Reinhart Aaron Ekblad 40 1 4 0
Penalty Kill - 3 Players Forward
Forward Time % Phy DF OF
1 Max Reinhart 60 1 3 1
2 Max Friberg 40 1 3 1
Penalty Kill - 3 Players Defense
Defense Defense Time % Phy DF OF
1 Chris Campoli Jeff Petry 60 1 4 0
2 Griffin Reinhart Jeff Petry 40 1 4 0
4 vs 4 Forward
Center Wing Time % Phy DF OF
1 Nathan MacKinnon Anthony Mantha 60 1 2 2
2 Max Reinhart Sam Reinhart 40 1 2 2
4 vs 4 Defense
Defense Defense Time % Phy DF OF
1 Aaron Ekblad Tony DeAngelo 60 1 2 2
2 Chris Campoli Morgan Rielly 40 1 2 2
Last Minutes Offensive
Center Left Wing Right Wing Defense Defense
Nathan MacKinnon Tim Schaller Anthony Mantha Aaron Ekblad Morgan Rielly
Last Minutes Defensive
Center Left Wing Right Wing Defense Defense
Max Reinhart Jacob De La Rose Max Friberg Aaron Ekblad Chris Campoli
Goaltenders
Starting : Andrew Hammond
Backup : Eric Comrie
Extra Forwards
Normal : Max Reinhart, Curtis Lazar, Sam Reinhart - PP : Tim Schaller, Craig Smith - PK : Anthony Mantha
Extra Defensemen
Normal : Griffin Reinhart, Aaron Ekblad, Morgan Rielly - PP : Tony DeAngelo - PK : Griffin Reinhart, Tony DeAngelo
Penalty Shots
Anthony Mantha, Craig Smith, JT Compher, Max Reinhart, Max Friberg
Scratches
Mark Pysyk (Healthy), Artturi Lehkonen (Healthy), Michael McCarron (Healthy), Anthony Peluso (Healthy), Gustav Forsling (Healthy)
Chase De Leo (Healthy), Kaapo Kahkonen (Healthy)
% Time on Ice - Sewer Rats
Lines # - Real PCT - Wanted PCT - Time Play
Normal Forward
1 - 32% - 40% - 13:29
2 - 30% - 30% - 12:54
3 - 26% - 20% - 11:04
4 - 12% - 10% - 5:07
Normal Defense
1 - 37% - 40% - 15:45
2 - 30% - 30% - 12:57
3 - 22% - 20% - 9:14
4 - 11% - 10% - 4:38
PP Forward
1 - 69% - 60% - 4:56
2 - 31% - 40% - 2:11
PP Defense
1 - 64% - 60% - 4:34
2 - 36% - 40% - 2:33
PK Forward
1 - 71% - 60% - 6:29
2 - 29% - 40% - 2:37
PK Defense
1 - 61% - 60% - 5:32
2 - 39% - 40% - 3:34
PK3 Forward
1 - 0% - 60%
2 - 0% - 40%
PK3 Defense
1 - 0% - 60%
2 - 0% - 40%
44 Forward
1 - 100% - 60% - 0:49
2 - 0% - 40% - 0:00
44 Defense
1 - 69% - 60% - 0:34
2 - 31% - 40% - 0:15
Last Minute Offensive - 0:24
Last Minute Defensive - 0:00
Total
Forward - 60:00
Defense - 60:00
|
% Time on Ice - Monarchs
Lines # - Real PCT - Wanted PCT - Time Play
Normal Forward
1 - 28% - 30% - 11:50
2 - 27% - 30% - 11:39
3 - 30% - 30% - 12:56
4 - 14% - 10% - 6:09
Normal Defense
1 - 30% - 30% - 12:57
2 - 32% - 30% - 13:26
3 - 29% - 30% - 12:33
4 - 9% - 10% - 3:38
PP Forward
1 - 64% - 60% - 5:48
2 - 36% - 40% - 3:18
PP Defense
1 - 64% - 60% - 5:50
2 - 36% - 40% - 3:16
PK Forward
1 - 86% - 60% - 6:09
2 - 14% - 40% - 0:58
PK Defense
1 - 59% - 60% - 4:12
2 - 41% - 40% - 2:55
PK3 Forward
1 - 0% - 60%
2 - 0% - 40%
PK3 Defense
1 - 0% - 60%
2 - 0% - 40%
44 Forward
1 - 100% - 60% - 0:49
2 - 0% - 40% - 0:00
44 Defense
1 - 69% - 60% - 0:34
2 - 31% - 40% - 0:15
Last Minute Offensive - 0:00
Last Minute Defensive - 0:24
Total
Forward - 60:00
Defense - 60:00
|
Play-by-Play
1st period
0:01 of 1st period - Vincent Trocheck wins face-off versus Max Reinhart in neutral zone.
0:26 of 1st period - Craig Smith is hit by Steven Kampfer and loses puck.
0:49 of 1st period - Steven Kampfer is hit by Brendan Lemieux and loses puck.
1:49 of 1st period - Erik Condra is hit by Jacob De La Rose and loses puck.
2:40 of 1st period - Oliver Bjorkstrand is hit by Dmitrij Jaskin and loses puck.
3:09 of 1st period - Curtis Lazar is hit by Tomas Tatar and loses puck.
3:19 of 1st period - Icing by Jeff Petry.
3:20 of 1st period - Curtis Lazar wins face-off versus Jared McCann in Monarchs zone.
3:24 of 1st period - Off-side.
3:25 of 1st period - Jared McCann wins face-off versus Max Reinhart in neutral zone.
3:36 of 1st period - Snap shot by Mark Mancari.
3:36 of 1st period - Shot Blocked by Griffin Reinhart.
3:46 of 1st period - Snap shot by Erik Condra.
3:46 of 1st period - Stopped by Andrew Hammond without a rebound.
3:47 of 1st period - Sam Reinhart wins face-off versus Jonathan Marchessault in Monarchs zone.
3:56 of 1st period - Slapshot by Daniel Carr.
3:56 of 1st period - Shot Misses the Net.
3:58 of 1st period - Slapshot by Joel Edmundson.
3:58 of 1st period - Deflect By Aaron Ekblad.
3:58 of 1st period - Stopped by Andrew Hammond without a rebound.
3:59 of 1st period - Vincent Trocheck wins face-off versus Nathan MacKinnon in Monarchs zone.
4:02 of 1st period - Wrist shot by Mark Mancari.
4:02 of 1st period - Deflect By Vincent Trocheck.
4:02 of 1st period - Shot Blocked by Mike Reilly.
4:02 of 1st period - Puck is out of play.
4:03 of 1st period - Nathan MacKinnon wins face-off versus Vincent Trocheck in Monarchs zone.
4:18 of 1st period - Snap shot by Mark Mancari.
4:18 of 1st period - Shot Misses the Net.
4:52 of 1st period - Snap shot by Max Friberg.
4:52 of 1st period - Shot Blocked by Erik Condra.
6:39 of 1st period - Snap shot by Max Reinhart.
6:39 of 1st period - Shot Misses the Net.
6:41 of 1st period - Wrist shot by Brendan Lemieux.
6:41 of 1st period - Shot Misses the Net.
7:11 of 1st period - Wrist shot by Dmitrij Jaskin.
7:11 of 1st period - Shot Misses the Net.
8:55 of 1st period - Wrist shot by Craig Smith.
8:55 of 1st period - Shot Blocked by Connor Carrick.
8:57 of 1st period - Snap shot by Max Reinhart.
8:57 of 1st period - Stopped by Marek Mazanek with a rebound.
9:01 of 1st period - Wrist shot by Craig Smith.
9:01 of 1st period - Shot Misses the Net.
9:12 of 1st period - Off-side.
9:13 of 1st period - Nathan MacKinnon wins face-off versus Jonathan Marchessault in neutral zone.
9:24 of 1st period - Snap shot by Nathan MacKinnon.
9:24 of 1st period - Shot Misses the Net.
9:26 of 1st period - Slapshot by Jeff Petry.
9:26 of 1st period - Shot Blocked by Joel Edmundson.
9:28 of 1st period - Snap shot by Anthony Mantha.
9:28 of 1st period - Goal by Anthony Mantha - Sewer Rats : 0 - Monarchs : 1.
9:29 of 1st period - Vincent Trocheck wins face-off versus Sam Reinhart in neutral zone.
9:34 of 1st period - Aaron Ekblad is hit by Stefan Elliott.
9:54 of 1st period - Max Reinhart is hit by Nick Cousins and loses puck.
9:59 of 1st period - Wrist shot by Dmitrij Jaskin.
9:59 of 1st period - Shot Blocked by Chris Campoli.
10:01 of 1st period - Wrist shot by Anthony Duclair.
10:01 of 1st period - Shot Misses the Net.
10:20 of 1st period - Wrist shot by Erik Condra.
10:20 of 1st period - Stopped by Andrew Hammond with a rebound.
10:22 of 1st period - Slapshot by Erik Condra.
10:22 of 1st period - Stopped by Andrew Hammond without a rebound.
10:23 of 1st period - Jonathan Marchessault wins face-off versus Nathan MacKinnon in Monarchs zone.
10:32 of 1st period - Snap shot by Jonathan Marchessault.
10:32 of 1st period - Stopped by Andrew Hammond with a rebound.
10:34 of 1st period - Slapshot by Connor Carrick.
10:34 of 1st period - Deflect By Daniel Carr.
10:34 of 1st period - Shot Misses the Net.
10:34 of 1st period - Puck is out of play.
10:35 of 1st period - Vincent Trocheck wins face-off versus Sam Reinhart in Monarchs zone.
10:36 of 1st period - Backhand shot by Mark Mancari.
10:36 of 1st period - Shot Misses the Net.
10:40 of 1st period - Slapshot by Tomas Tatar.
10:40 of 1st period - Shot Blocked by Jeff Petry.
10:42 of 1st period - Snap shot by Mark Mancari.
10:42 of 1st period - Stopped by Andrew Hammond without a rebound.
10:43 of 1st period - Vincent Trocheck wins face-off versus Sam Reinhart in Monarchs zone.
10:50 of 1st period - Wrist shot by Tomas Tatar.
10:50 of 1st period - Stopped by Andrew Hammond with a rebound.
10:52 of 1st period - Wrist shot by Vincent Trocheck.
10:52 of 1st period - Shot Misses the Net.
10:54 of 1st period - Slapshot by Steven Kampfer.
10:54 of 1st period - Stopped by Andrew Hammond with a rebound.
11:04 of 1st period - Minor Penalty to Vincent Trocheck for Roughing.
11:05 of 1st period - Nathan MacKinnon wins face-off versus Mark Mancari in Sewer Rats zone.
11:30 of 1st period - Aaron Ekblad is hit by Tomas Tatar and loses puck.
11:39 of 1st period - Wrist shot by Oliver Bjorkstrand.
11:39 of 1st period - Shot Misses the Net.
13:04 of 1st period - Penalty to Vincent Trocheck is over, Vincent Trocheck is back on ice.
13:14 of 1st period - Erik Condra is hit by Curtis Lazar and loses puck.
13:25 of 1st period - Jacob De La Rose is hit by Jonathan Marchessault and loses puck.
15:35 of 1st period - Sam Reinhart is hit by Jarred Tinordi and loses puck.
15:47 of 1st period - Daniel Carr is hit by Oliver Bjorkstrand.
16:28 of 1st period - Nathan MacKinnon is hit by Vincent Trocheck and loses puck.
16:48 of 1st period - Icing by Chris Campoli.
16:49 of 1st period - Curtis Lazar wins face-off versus Dmitrij Jaskin in Monarchs zone.
16:58 of 1st period - Connor Carrick is hit by Curtis Lazar and loses puck.
17:27 of 1st period - Snap shot by Aaron Ekblad.
17:27 of 1st period - Shot Blocked by Jarred Tinordi.
17:29 of 1st period - Snap shot by Sam Reinhart.
17:29 of 1st period - Shot Misses the Net.
17:31 of 1st period - Slapshot by Chris Campoli.
17:31 of 1st period - Deflect By Tim Schaller.
17:31 of 1st period - Goal by Tim Schaller - Sewer Rats : 0 - Monarchs : 2.
17:32 of 1st period - Vincent Trocheck wins face-off versus Nathan MacKinnon in neutral zone.
17:42 of 1st period - Slapshot by Nathan MacKinnon.
17:42 of 1st period - Stopped by Marek Mazanek with a rebound.
17:44 of 1st period - Wrist shot by Nathan MacKinnon.
17:44 of 1st period - Stopped by Marek Mazanek with a rebound.
18:04 of 1st period - Snap shot by Max Reinhart.
18:04 of 1st period - Shot Blocked by Stefan Elliott.
18:26 of 1st period - Snap shot by Sam Reinhart.
18:26 of 1st period - Stopped by Marek Mazanek without a rebound.
18:27 of 1st period - Nathan MacKinnon wins face-off versus Vincent Trocheck in Sewer Rats zone.
18:41 of 1st period - Jarred Tinordi is hit by JT Compher and loses puck.
18:51 of 1st period - Icing by Mark Mancari.
18:52 of 1st period - Vincent Trocheck wins face-off versus Sam Reinhart in Sewer Rats zone.
18:57 of 1st period - Slapshot by Jonathan Marchessault.
18:57 of 1st period - Stopped by Andrew Hammond with a rebound.
19:07 of 1st period - Slapshot by Daniel Carr.
19:07 of 1st period - Shot Misses the Net.
19:19 of 1st period - Jarred Tinordi is hit by Nathan MacKinnon and loses puck.
19:48 of 1st period - Dmitrij Jaskin is hit by Anthony Mantha and loses puck.
Goals for this period are 0 for Sewer Rats vs 2 for Monarchs .
Shots for this period are 9 for Sewer Rats vs 6 for Monarchs .
2nd period
0:01 of 2nd period - Max Reinhart wins face-off versus Vincent Trocheck in neutral zone.
0:10 of 2nd period - Snap shot by Craig Smith.
0:10 of 2nd period - Shot Misses the Net.
0:12 of 2nd period - Slapshot by Jeff Petry.
0:12 of 2nd period - Stopped by Marek Mazanek with a rebound.
0:14 of 2nd period - Slapshot by Jeff Petry.
0:14 of 2nd period - Stopped by Marek Mazanek with a rebound.
0:16 of 2nd period - Slapshot by Jeff Petry.
0:16 of 2nd period - Stopped by Marek Mazanek with a rebound.
0:31 of 2nd period - Wrist shot by Tim Schaller.
0:31 of 2nd period - Stopped by Marek Mazanek with a rebound.
1:38 of 2nd period - Wrist shot by Daniel Carr.
1:38 of 2nd period - Shot Misses the Net.
1:40 of 2nd period - Slapshot by Stefan Elliott.
1:40 of 2nd period - Deflect By Craig Smith.
1:40 of 2nd period - Stopped by Andrew Hammond without a rebound.
1:41 of 2nd period - Jonathan Marchessault wins face-off versus Max Reinhart in Monarchs zone.
2:02 of 2nd period - Minor Penalty to Jarred Tinordi for Hooking.
2:03 of 2nd period - Mark Mancari wins face-off versus Nathan MacKinnon in Sewer Rats zone.
4:02 of 2nd period - Penalty to Jarred Tinordi is over, Jarred Tinordi is back on ice.
4:09 of 2nd period - Steven Kampfer is hit by Max Friberg and loses puck.
4:27 of 2nd period - Off-side.
4:28 of 2nd period - Nick Cousins wins face-off versus Sam Reinhart in neutral zone.
4:38 of 2nd period - Slapshot by Stefan Elliott.
4:38 of 2nd period - Shot Blocked by Aaron Ekblad.
5:18 of 2nd period - Off-side.
5:19 of 2nd period - Nathan MacKinnon wins face-off versus Jonathan Marchessault in neutral zone.
5:24 of 2nd period - Snap shot by Nathan MacKinnon.
5:24 of 2nd period - Stopped by Marek Mazanek with a rebound.
5:41 of 2nd period - Minor Penalty to Nathan MacKinnon for Unsportsmanlike conduct.
5:42 of 2nd period - Tomas Tatar wins face-off versus Max Reinhart in Monarchs zone.
5:47 of 2nd period - Wrist shot by Tomas Tatar.
5:47 of 2nd period - Stopped by Andrew Hammond without a rebound.
5:48 of 2nd period - Vincent Trocheck wins face-off versus Max Reinhart in Monarchs zone.
5:51 of 2nd period - Wrist shot by Mark Mancari.
5:51 of 2nd period - Stopped by Andrew Hammond without a rebound.
5:52 of 2nd period - Max Reinhart wins face-off versus Vincent Trocheck in Monarchs zone.
6:11 of 2nd period - Slapshot by Tomas Tatar.
6:11 of 2nd period - Stopped by Andrew Hammond with a rebound.
6:13 of 2nd period - Slapshot by Tomas Tatar.
6:13 of 2nd period - Shot Misses the Net.
6:15 of 2nd period - Wrist shot by Tomas Tatar.
6:15 of 2nd period - Shot Blocked by Max Friberg.
6:31 of 2nd period - Wrist shot by Tomas Tatar.
6:31 of 2nd period - Shot Blocked by Chris Campoli.
6:33 of 2nd period - Slapshot by Steven Kampfer.
6:33 of 2nd period - Stopped by Andrew Hammond without a rebound.
6:34 of 2nd period - Jonathan Marchessault wins face-off versus Max Reinhart in Monarchs zone.
6:41 of 2nd period - Snap shot by Daniel Carr.
6:41 of 2nd period - Shot Misses the Net.
6:43 of 2nd period - Slapshot by Joel Edmundson.
6:43 of 2nd period - Shot Hit the Post.
7:41 of 2nd period - Penalty to Nathan MacKinnon is over, Nathan MacKinnon is back on ice.
8:06 of 2nd period - Oliver Bjorkstrand is hit by Mark Mancari and loses puck.
8:44 of 2nd period - Slapshot by Griffin Reinhart.
8:44 of 2nd period - Stopped by Marek Mazanek with a rebound.
8:46 of 2nd period - Snap shot by Mike Reilly.
8:46 of 2nd period - Stopped by Marek Mazanek without a rebound.
8:47 of 2nd period - Jonathan Marchessault wins face-off versus Curtis Lazar in Sewer Rats zone.
8:47 of 2nd period - Jonathan Marchessault is hit by Jacob De La Rose.
9:26 of 2nd period - Slapshot by Nathan MacKinnon.
9:26 of 2nd period - Shot Misses the Net.
9:31 of 2nd period - Icing by Dmitrij Jaskin.
9:32 of 2nd period - Nick Cousins wins face-off versus Craig Smith in Sewer Rats zone.
9:59 of 2nd period - Snap shot by Anthony Duclair.
9:59 of 2nd period - Deflect By Nick Cousins.
9:59 of 2nd period - Shot Misses the Net.
9:59 of 2nd period - Puck is out of play.
10:00 of 2nd period - Vincent Trocheck wins face-off versus Sam Reinhart in Monarchs zone.
10:09 of 2nd period - Snap shot by Tomas Tatar.
10:09 of 2nd period - Shot Blocked by Sam Reinhart.
10:11 of 2nd period - Slapshot by Jarred Tinordi.
10:11 of 2nd period - Shot Hit the Post.
10:13 of 2nd period - Snap shot by Vincent Trocheck.
10:13 of 2nd period - Goal by Vincent Trocheck - Sewer Rats : 1 - Monarchs : 2.
10:14 of 2nd period - Vincent Trocheck wins face-off versus Max Reinhart in neutral zone.
10:30 of 2nd period - Aaron Ekblad is hit by Mark Mancari and loses puck.
11:10 of 2nd period - Snap shot by Anthony Mantha.
11:10 of 2nd period - Stopped by Marek Mazanek without a rebound.
11:11 of 2nd period - Max Reinhart wins face-off versus Vincent Trocheck in Sewer Rats zone.
11:12 of 2nd period - Slapshot by Craig Smith.
11:12 of 2nd period - Shot Misses the Net.
11:18 of 2nd period - Slapshot by Tomas Tatar.
11:18 of 2nd period - Shot Misses the Net.
11:20 of 2nd period - Slapshot by Vincent Trocheck.
11:20 of 2nd period - Shot Misses the Net.
11:22 of 2nd period - Snap shot by Mark Mancari.
11:22 of 2nd period - Shot Blocked by Jeff Petry.
11:24 of 2nd period - Slapshot by Tomas Tatar.
11:24 of 2nd period - Shot Blocked by Max Reinhart.
11:24 of 2nd period - Max Reinhart from Monarchs is injured at 11:24 of 2nd period (Left Knee).
11:25 of 2nd period - Curtis Lazar wins face-off versus Vincent Trocheck in Monarchs zone.
11:31 of 2nd period - Minor Penalty to Jarred Tinordi for Hooking.
11:32 of 2nd period - Mark Mancari wins face-off versus Nathan MacKinnon in Sewer Rats zone.
11:44 of 2nd period - Slapshot by JT Compher.
11:44 of 2nd period - Shot Blocked by John Ramage.
11:46 of 2nd period - Snap shot by Anthony Mantha.
11:46 of 2nd period - Shot Misses the Net.
11:48 of 2nd period - Slapshot by Aaron Ekblad.
11:48 of 2nd period - Shot Blocked by Steven Kampfer.
13:31 of 2nd period - Penalty to Jarred Tinordi is over, Jarred Tinordi is back on ice.
13:37 of 2nd period - Snap shot by Max Friberg.
13:37 of 2nd period - Stopped by Marek Mazanek without a rebound.
13:38 of 2nd period - Curtis Lazar wins face-off versus Nick Cousins in Sewer Rats zone.
13:45 of 2nd period - Snap shot by Curtis Lazar.
13:45 of 2nd period - Stopped by Marek Mazanek without a rebound.
13:46 of 2nd period - Vincent Trocheck wins face-off versus Curtis Lazar in Sewer Rats zone.
14:14 of 2nd period - Icing by Tim Schaller.
14:15 of 2nd period - Sam Reinhart wins face-off versus Jonathan Marchessault in Monarchs zone.
14:44 of 2nd period - Slapshot by Griffin Reinhart.
14:44 of 2nd period - Stopped by Marek Mazanek without a rebound.
14:45 of 2nd period - Vincent Trocheck wins face-off versus Nathan MacKinnon in Sewer Rats zone.
14:47 of 2nd period - Minor Penalty to Vincent Trocheck for Slashing.
14:48 of 2nd period - Nathan MacKinnon wins face-off versus Mark Mancari in Sewer Rats zone.
16:12 of 2nd period - Sam Reinhart is hit by Anthony Duclair and loses puck.
16:47 of 2nd period - Penalty to Vincent Trocheck is over, Vincent Trocheck is back on ice.
16:54 of 2nd period - Snap shot by Curtis Lazar.
16:54 of 2nd period - Stopped by Marek Mazanek with a rebound.
16:56 of 2nd period - Snap shot by Curtis Lazar.
16:56 of 2nd period - Deflect By Steven Kampfer.
16:56 of 2nd period - Stopped by Marek Mazanek with a rebound.
16:58 of 2nd period - Slapshot by Chris Campoli.
16:58 of 2nd period - Shot Blocked by Steven Kampfer.
17:18 of 2nd period - Snap shot by Jonathan Marchessault.
17:18 of 2nd period - Shot Misses the Net.
17:44 of 2nd period - Snap shot by Dmitrij Jaskin.
17:44 of 2nd period - Shot Hit the Post.
19:27 of 2nd period - Snap shot by Mark Mancari.
19:27 of 2nd period - Shot Blocked by Griffin Reinhart.
19:43 of 2nd period - Brendan Lemieux is hit by Vincent Trocheck and loses puck.
Goals for this period are 1 for Sewer Rats vs 0 for Monarchs .
Shots for this period are 6 for Sewer Rats vs 13 for Monarchs .
3rd period
0:01 of 3rd period - Vincent Trocheck wins face-off versus Nathan MacKinnon in neutral zone.
0:10 of 3rd period - Wrist shot by Tomas Tatar.
0:10 of 3rd period - Stopped by Andrew Hammond with a rebound.
0:12 of 3rd period - Minor Penalty to Anthony Mantha for Delaying the game.
0:13 of 3rd period - Vincent Trocheck wins face-off versus Curtis Lazar in Monarchs zone.
0:14 of 3rd period - Slapshot by Tomas Tatar.
0:14 of 3rd period - Shot Blocked by Chris Campoli.
0:16 of 3rd period - Backhand shot by Tomas Tatar.
0:16 of 3rd period - Stopped by Andrew Hammond without a rebound.
0:17 of 3rd period - Curtis Lazar wins face-off versus Vincent Trocheck in Monarchs zone.
0:23 of 3rd period - Icing by Mark Mancari.
0:24 of 3rd period - Vincent Trocheck wins face-off versus Curtis Lazar in Sewer Rats zone.
0:39 of 3rd period - Jeff Petry is hit by Vincent Trocheck and loses puck.
1:06 of 3rd period - Slapshot by Steven Kampfer.
1:06 of 3rd period - Stopped by Andrew Hammond with a rebound.
1:08 of 3rd period - Slapshot by Vincent Trocheck.
1:08 of 3rd period - Stopped by Andrew Hammond without a rebound.
1:09 of 3rd period - Jonathan Marchessault wins face-off versus Curtis Lazar in Monarchs zone.
1:12 of 3rd period - Wrist shot by Jonathan Marchessault.
1:12 of 3rd period - Shot Blocked by Griffin Reinhart.
2:12 of 3rd period - Penalty to Anthony Mantha is over, Anthony Mantha is back on ice.
2:21 of 3rd period - Icing by Craig Smith.
2:22 of 3rd period - Nick Cousins wins face-off versus Sam Reinhart in Monarchs zone.
2:52 of 3rd period - Minor Penalty to Mike Reilly for Holding.
2:53 of 3rd period - Anthony Mantha wins face-off versus Vincent Trocheck in Monarchs zone.
3:43 of 3rd period - Aaron Ekblad is hit by Stefan Elliott and loses puck.
4:00 of 3rd period - Max Friberg is hit by Mark Mancari and loses puck.
4:52 of 3rd period - Penalty to Mike Reilly is over, Mike Reilly is back on ice.
5:10 of 3rd period - Anthony Duclair is hit by Sam Reinhart and loses puck.
5:30 of 3rd period - Icing by Nathan MacKinnon.
5:31 of 3rd period - Sam Reinhart wins face-off versus Nick Cousins in Monarchs zone.
5:31 of 3rd period - Sam Reinhart is hit by Joel Edmundson.
5:41 of 3rd period - Wrist shot by Sam Reinhart.
5:41 of 3rd period - Stopped by Marek Mazanek with a rebound.
6:07 of 3rd period - Snap shot by Daniel Carr.
6:07 of 3rd period - Goal by Daniel Carr - Sewer Rats : 2 - Monarchs : 2.
6:08 of 3rd period - Jonathan Marchessault wins face-off versus Nathan MacKinnon in neutral zone.
6:33 of 3rd period - Steven Kampfer is hit by Sam Reinhart and loses puck.
6:55 of 3rd period - Slapshot by Mark Mancari.
6:55 of 3rd period - Shot Misses the Net.
7:29 of 3rd period - Snap shot by Craig Smith.
7:29 of 3rd period - Shot Misses the Net.
7:39 of 3rd period - Snap shot by Tomas Tatar.
7:39 of 3rd period - Stopped by Andrew Hammond without a rebound.
7:40 of 3rd period - Vincent Trocheck wins face-off versus Tim Schaller in Monarchs zone.
8:15 of 3rd period - Snap shot by Tim Schaller.
8:15 of 3rd period - Shot Blocked by Nick Cousins.
8:42 of 3rd period - Ryan Murphy is hit by Griffin Reinhart and loses puck.
8:57 of 3rd period - Wrist shot by Sam Reinhart.
8:57 of 3rd period - Stopped by Marek Mazanek without a rebound.
8:58 of 3rd period - Nathan MacKinnon wins face-off versus Vincent Trocheck in Sewer Rats zone.
9:04 of 3rd period - Minor Penalty to Tomas Tatar for Interference.
9:05 of 3rd period - Anthony Duclair wins face-off versus Nathan MacKinnon in Sewer Rats zone.
9:13 of 3rd period - Wrist shot by Jarred Tinordi.
9:13 of 3rd period - Stopped by Andrew Hammond without a rebound.
9:14 of 3rd period - Mark Mancari wins face-off versus Nathan MacKinnon in Monarchs zone.
9:43 of 3rd period - Morgan Rielly is hit by Steven Kampfer and loses puck.
10:14 of 3rd period - Minor Penalty to Anthony Mantha for Holding.
10:15 of 3rd period - Mark Mancari wins face-off versus Curtis Lazar in Monarchs zone.
10:16 of 3rd period - Snap shot by Dmitrij Jaskin.
10:16 of 3rd period - Stopped by Andrew Hammond with a rebound.
10:48 of 3rd period - Snap shot by Anthony Duclair.
10:48 of 3rd period - Deflect By Nick Cousins.
10:48 of 3rd period - Shot Misses the Net.
10:48 of 3rd period - Puck is out of play.
10:49 of 3rd period - Nick Cousins wins face-off versus Nathan MacKinnon in Monarchs zone.
10:58 of 3rd period - Stefan Elliott is hit by Tim Schaller and loses puck.
11:04 of 3rd period - Penalty to Tomas Tatar is over, Tomas Tatar is back on ice.
11:21 of 3rd period - Off-side.
11:22 of 3rd period - Vincent Trocheck wins face-off versus Curtis Lazar in neutral zone.
11:37 of 3rd period - Wrist shot by Mark Mancari.
11:37 of 3rd period - Shot Misses the Net.
11:49 of 3rd period - Jeff Petry is hit by Jarred Tinordi and loses puck.
12:08 of 3rd period - Slapshot by Chris Campoli.
12:08 of 3rd period - Shot Misses the Net.
12:14 of 3rd period - Penalty to Anthony Mantha is over, Anthony Mantha is back on ice.
12:30 of 3rd period - Slapshot by Griffin Reinhart.
12:30 of 3rd period - Deflect By Oliver Bjorkstrand.
12:30 of 3rd period - Goal by Oliver Bjorkstrand - Sewer Rats : 2 - Monarchs : 3.
12:31 of 3rd period - Vincent Trocheck wins face-off versus Nathan MacKinnon in neutral zone.
12:38 of 3rd period - Wrist shot by Vincent Trocheck.
12:38 of 3rd period - Stopped by Andrew Hammond with a rebound.
13:01 of 3rd period - Snap shot by Dmitrij Jaskin.
13:01 of 3rd period - Shot Misses the Net.
13:03 of 3rd period - Slapshot by Anthony Duclair.
13:03 of 3rd period - Stopped by Andrew Hammond with a rebound.
13:05 of 3rd period - Slapshot by Dmitrij Jaskin.
13:05 of 3rd period - Stopped by Andrew Hammond with a rebound.
13:07 of 3rd period - Slapshot by Steven Kampfer.
13:07 of 3rd period - Shot Blocked by Griffin Reinhart.
13:09 of 3rd period - Slapshot by Jarred Tinordi.
13:09 of 3rd period - Shot Misses the Net.
13:39 of 3rd period - Slapshot by Griffin Reinhart.
13:39 of 3rd period - Shot Misses the Net.
13:41 of 3rd period - Wrist shot by Mike Reilly.
13:41 of 3rd period - Stopped by Marek Mazanek with a rebound.
13:43 of 3rd period - Snap shot by Sam Reinhart.
13:43 of 3rd period - Stopped by Marek Mazanek with a rebound.
13:45 of 3rd period - Backhand shot by Mike Reilly.
13:45 of 3rd period - Shot Blocked by Joel Edmundson.
13:47 of 3rd period - Wrist shot by Griffin Reinhart.
13:47 of 3rd period - Shot Misses the Net.
14:35 of 3rd period - Slapshot by Daniel Carr.
14:35 of 3rd period - Stopped by Andrew Hammond with a rebound.
14:41 of 3rd period - Daniel Carr is hit by Aaron Ekblad.
15:00 of 3rd period - Snap shot by Tomas Tatar.
15:00 of 3rd period - Stopped by Andrew Hammond without a rebound.
15:01 of 3rd period - Curtis Lazar wins face-off versus Vincent Trocheck in Monarchs zone.
15:06 of 3rd period - Snap shot by Curtis Lazar.
15:06 of 3rd period - Stopped by Marek Mazanek without a rebound.
15:07 of 3rd period - Vincent Trocheck wins face-off versus Curtis Lazar in Sewer Rats zone.
15:16 of 3rd period - Jarred Tinordi is hit by Brendan Lemieux and loses puck.
15:39 of 3rd period - Snap shot by Nick Cousins.
15:39 of 3rd period - Stopped by Andrew Hammond with a rebound.
15:41 of 3rd period - Snap shot by Dmitrij Jaskin.
15:41 of 3rd period - Stopped by Andrew Hammond with a rebound.
15:43 of 3rd period - Wrist shot by Dmitrij Jaskin.
15:43 of 3rd period - Stopped by Andrew Hammond without a rebound.
15:44 of 3rd period - Vincent Trocheck wins face-off versus Nathan MacKinnon in Monarchs zone.
16:15 of 3rd period - Snap shot by Dmitrij Jaskin.
16:15 of 3rd period - Stopped by Andrew Hammond without a rebound.
16:16 of 3rd period - Tim Schaller wins face-off versus Tomas Tatar in Monarchs zone.
16:41 of 3rd period - Icing by Craig Smith.
16:42 of 3rd period - Nick Cousins wins face-off versus Curtis Lazar in Monarchs zone.
16:49 of 3rd period - Snap shot by Jeff Petry.
16:49 of 3rd period - Goal by Jeff Petry - Sewer Rats : 2 - Monarchs : 4.
16:50 of 3rd period - Sam Reinhart wins face-off versus Vincent Trocheck in neutral zone.
16:53 of 3rd period - Slapshot by Aaron Ekblad.
16:53 of 3rd period - Shot Blocked by Jarred Tinordi.
17:15 of 3rd period - Aaron Ekblad is hit by Jonathan Marchessault and loses puck.
17:20 of 3rd period - Snap shot by Jonathan Marchessault.
17:20 of 3rd period - Stopped by Andrew Hammond with a rebound.
17:22 of 3rd period - Wrist shot by Jonathan Marchessault.
17:22 of 3rd period - Shot Misses the Net.
17:24 of 3rd period - Slapshot by Daniel Carr.
17:24 of 3rd period - Shot Misses the Net.
17:26 of 3rd period - Snap shot by Daniel Carr.
17:26 of 3rd period - Deflect By Erik Condra.
17:26 of 3rd period - Shot Hit the Post.
17:26 of 3rd period - Puck is out of play.
17:27 of 3rd period - Curtis Lazar wins face-off versus Jared McCann in Monarchs zone.
17:40 of 3rd period - Snap shot by Mark Mancari.
17:40 of 3rd period - Shot Hit the Post.
17:52 of 3rd period - Dmitrij Jaskin is hit by JT Compher and loses puck.
17:57 of 3rd period - Snap shot by Nathan MacKinnon.
17:57 of 3rd period - Stopped by Marek Mazanek with a rebound.
18:27 of 3rd period - Wrist shot by Mark Mancari.
18:27 of 3rd period - Shot Misses the Net.
19:29 of 3rd period - Ryan Murphy is hit by Chris Campoli.
19:33 of 3rd period - Slapshot by John Ramage.
19:33 of 3rd period - Deflect By Dmitrij Jaskin.
19:33 of 3rd period - Stopped by Andrew Hammond with a rebound.
19:35 of 3rd period - Slapshot by Nick Cousins.
19:35 of 3rd period - Goal by Nick Cousins - Sewer Rats : 3 - Monarchs : 4.
19:36 of 3rd period - Vincent Trocheck wins face-off versus Curtis Lazar in neutral zone.
19:39 of 3rd period - Sewer Rats, Marek Mazanek is pulled from the net.
Goals for this period are 2 for Sewer Rats vs 2 for Monarchs .
Shots for this period are 20 for Sewer Rats vs 8 for Monarchs .
Back to the Top